 Dungeon Crawl Stone Soup version 0.27.1-4-g1640c2035a (webtiles) character file.

Game seed: 9530540338877461224

35 Stomo444 the Grave Robber (level 3, 0/18 HPs)
             Began as a Vine Stalker Necromancer on Nov 11, 2021.
             Succumbed to an adder's poison
             ... on level 2 of the Dungeon.
             The game lasted 00:01:01 (1099 turns).

Stomo444 the Grave Robber (VSNe)                    Turns: 1099, Time: 00:01:02

Health: 0/18       AC:  2    Str: 11    XL:     3   Next: 33%
Magic:  1/7        EV: 12    Int: 15    God:
Gold:   31         SH:  0    Dex: 14    Spells: 5/6 levels left

rFire    . . .     SeeInvis .   c - +0 dagger
rCold    . . .     Faith    .   (no shield)
rNeg     . . .     Spirit   +   a - +0 robe
rPois    .         Reflect  .   (no helmet)
rElec    .         Harm     .   (no cloak)
rCorr    .         Rampage  .   (no gloves)
Will     .....                  (no boots)
Stlth    ++........             (no amulet)
HPRegen  0.06/turn              (no ring)
MPRegen  0.10/turn              (no ring)

@: lethally poisoned (0 -> -7)
A: fangs 2, magic shield, antimagic bite, no potion heal 2
a: no special abilities


You were on level 2 of the Dungeon.
You visited 1 branch of the dungeon, and saw 2 of its levels.

You collected 31 gold pieces.

Inventory:

Hand Weapons
 c - a +0 dagger (weapon)
Armour
 a - a +0 robe (worn)
Wands
 e - a wand of paralysis (7)
Scrolls
 b - 3 scrolls of identify {unknown}
Potions
 d - a potion of heal wounds {unknown}
 f - a potion of degeneration {unknown}


   Skills:
 + Level 1.3 Fighting
 + Level 1.2 Short Blades
 + Level 2.1 Dodging
 - Level 2.4 Stealth
 - Level 2.1 Spellcasting
 - Level 4.0 Necromancy


You had 5 spell levels left.
You knew the following spells:

 Your Spells              Type           Power      Damage    Failure   Level
a - Pain                  Necr           52%        1d6       4%          1

Your spell library contained the following spells:

 Spells                   Type           Power      Damage    Failure   Level
 Animate Skeleton         Necr           26%        N/A       4%          1
 Vampiric Draining        Necr           6%         2d6       13%         3
 Animate Dead             Necr           6%         N/A       38%         4
 Agony                    Necr           13%        N/A       75%         5


Dungeon Overview and Level Annotations

Branches:
Dungeon (2/15)

Altars:


Innate Abilities, Weirdness & Mutations

You have extremely sharp teeth.
When hurt, damage is shared between your health and your magic reserves.
Your bite disrupts and absorbs the magic of your enemies.
Potions cannot restore your health.


Message History

Magic restored.
You start resting.
An adder comes into view.
An adder is nearby!
Casting: Pain (safe; 4% risk of failure)
Confirm with . or Enter, or press ? or * to list all spells.
Aiming: Pain (safe; 4% risk of failure)
Press: ? - help, Shift-Dir - straight line, f - adder
Aim: an adder (wandering, hasn't noticed you, chance to affect: 77%)
The adder writhes in agony.
The adder bites you but does no damage.
Casting: Pain (safe; 4% risk of failure)
Confirm with . or Enter, or press ? or * to list all spells.
Aiming: Pain (safe; 4% risk of failure)
Press: ? - help, Shift-Dir - straight line, f/p - adder
Aim: an adder (moderately wounded, chance to affect: 77%)
The adder writhes in agony.
The adder closely misses you.
Casting: Pain (safe; 4% risk of failure)
Confirm with . or Enter, or press ? or * to list all spells.
Aiming: Pain (safe; 4% risk of failure)
Press: ? - help, Shift-Dir - straight line, f/p - adder
Aim: an adder (severely wounded, chance to affect: 77%)
The adder barely resists.
The adder bites you but does no damage. The adder closely misses you.
Casting: Pain (safe; 4% risk of failure)
Confirm with . or Enter, or press ? or * to list all spells.
Aiming: Pain (safe; 4% risk of failure)
Press: ? - help, Shift-Dir - straight line, f/p - adder
Aim: an adder (severely wounded, chance to affect: 77%)
The adder barely resists.
The adder bites you.
* * * LOW HITPOINT WARNING * * *
You are lethally poisoned!
The adder poisons you!
Unknown command.
Casting: Pain (safe; 4% risk of failure)
Confirm with . or Enter, or press ? or * to list all spells.
Aiming: Pain (safe; 4% risk of failure)
Press: ? - help, Shift-Dir - straight line, f/p - adder
Aim: an adder (severely wounded, chance to affect: 77%)
The adder barely resists.
You die...

########.#.##
#...........#
#.######.#..###### #.
#.#........ #.
#.##.######
######.######.##.#
#.....#.....#.##.######
#S####...........# #@#
#.####.##...# #†# #.#
#.#..... #.# #.#
#....... ... #.#
###...). ... #.# ##...#
#...# #.# ##.## #####
#^# #.# #.# #.# #.#


You could see an adder.

Vanquished Creatures
  2 adders (D:2)
  A ball python (D:1)
  2 endoplasms (D:1)
  2 hobgoblins (D:1)
  2 kobolds (D:1)
  3 quokkas
  2 frilled lizards (D:1)
  A rat (D:1)
15 creatures vanquished.

Notes
Turn   | Place    | Note
-------+----------+-------------------------------------------
     0 | D:1      | Stomo444 the Vine Stalker Necromancer began the quest for
                  | the Orb.
     0 | D:1      | Reached XP level 1. HP: 9/9 MP: 4/4
   364 | D:1      | Reached XP level 2. HP: 14/14 MP: 6/6
   782 | D:1      | Reached skill level 1 in Fighting
   865 | D:2      | Reached skill level 1 in Short Blades
   865 | D:2      | Reached XP level 3. HP: 15/18 MP: 7/7
  1099 | D:2      | Succumbed to an adder's poison

Illustrated notes

Levels and vault maps discovered:
D:1:      minmay_arrival_split_and_join, layout_loops_ring
D:2:      layout_loops_ring, basic_altar, chequers_serial_rivers_large_b

Skill      XL: |  1  2 |
---------------+-------+-----
Fighting       | 1 |  1.3
Short Blades   | 1 |  1.2
Dodging        | 2 |  2.1
Stealth        | |  2.4
Spellcasting   | |  2.1
Necromancy     | |  4.0

Action                   || total
-------------------------++-------
Melee: Dagger            ||    39
       Unarmed           ||     4
       Bite              ||     6
 Cast: Pain              ||    12
 Stab: Sleeping          ||     5
Armor: Robe              ||    10
Dodge: Dodged            ||    23
